 Dungeon Crawl Stone Soup version 0.18-a0-1778-gadce9fa (webtiles) character file.

681 mouarf the Cleaver (level 7, -7/57 (59) HPs)
             Began as a Minotaur Berserker on Apr 16, 2016.
             Was a Priest of Trog.
             Killed by divine providence
             ... invoked by an orc priest
              (13 damage)
             ... on level 3 of the Dungeon.
             The game lasted 00:15:56 (3155 turns).

mouarf the Cleaver (Minotaur Berserker)             Turns: 3155, Time: 00:15:57

HP:   -7/57 (59)    AC:  2    Str: 23    XL:     7   Next: 34%
MP:   6/6           EV: 12    Int:  5    God:    Trog [***...]
Gold: 130           SH:  0    Dex:  9    Spells: 0 memorised, 6 levels left

rFire  . . .     SeeInvis .     a - +0 hand axe
rCold  . . .     Gourm    .     b - +0 animal skin
rNeg   . . .     Faith    .     (no shield)
rPois  .         Spirit   .     (helmet restricted)
rElec  .         Dismiss  .     (no cloak)
rCorr  .         Reflect  .     (no gloves)
SustAt .         Harm     .     (no boots)
MR     .....                    (no amulet)
Stlth  +.........               (no ring)
                                (no ring)

@: exhausted, slowed, very slow, not resistant to hostile enchantments, very
unstealthy
A: retaliatory headbutt, horns 2
a: Berserk, Trog's Hand, Burn Spellbooks, Renounce Religion


You were on level 3 of the Dungeon.
You worshipped Trog.
Trog was most pleased with you.
You were not hungry.

You visited 1 branch of the dungeon, and saw 4 of its levels.

You collected 130 gold pieces.

Inventory:

Hand Weapons
 a - a +0 hand axe (weapon)
 o - a +0 hunting sling
Missiles
 m - 8 poisoned needles
Armour
 b - a +0 animal skin (worn)
 h - a cursed +0 scale mail
 v - a +2 ring mail of magic resistance
Jewellery
 g - an uncursed amulet of harm {unknown}
 r - an uncursed ring of protection from cold {unknown}
Scrolls
 d - 3 scrolls of identify {unknown}
 e - a scroll of random uselessness {unknown}
 i - a scroll of teleportation {unknown}
 k - a scroll of enchant weapon {unknown}
 n - 2 scrolls of blinking {unknown}
 p - a scroll of remove curse {unknown}
Potions
 j - 3 potions of haste {unknown}
 l - 2 potions of lignification {unknown}
 q - a potion of flight {unknown}
 s - 2 potions of heal wounds {unknown}
 t - a potion of degeneration {unknown}
 u - a potion of curing {unknown}
 x - a potion of agility {unknown}
Comestibles
 c - 4 chunks of flesh
 w - 2 beef jerkies


   Skills:
 - Level 4.0 Fighting
 * Level 10.1 Axes
 - Level 2.5 Armour
 - Level 2.2 Dodging


You had 6 spell levels left.
You didn't know any spells.

Dungeon Overview and Level Annotations

Branches:
Dungeon (4/15)
 Temple: D:4-7

Altars:
Okawaru
Qazlal
Ru
Sif Muna
Xom
Zin


Innate Abilities, Weirdness & Mutations

You reflexively headbutt those who attack you in melee.
You have a pair of horns on your head.


Message History

The orc wizard barely misses you. The orc priest misses you.
The worker ant waves its antennae.
The orc wizard closely misses you.
There is a stone staircase leading up, spattered with blood here.
The orc priest closely misses you. The orc wizard hits you with a dagger.
* * * LOW HITPOINT WARNING * * *
The orc priest hits you with a club!
* * * LOW HITPOINT WARNING * * *
You climb upwards.
There is a stone staircase leading down here.
You hit the orc priest.
The orc priest is almost dead.
You hit the orc wizard.
The orc wizard is severely wounded.
The orc wizard hits you with a dagger.
* * * LOW HITPOINT WARNING * * *
The orc priest mumbles some strange prayers to Beogh against you.
Beogh smites you!
You die...

#.# ###### #.#
############
#.###..........#
#..##.########.#
####### #..##.# #.#
......#########..##.#
###.#
###..............##.#
#...#
...............o....#
#.###
###.#######.####@#..#
#.# #.# #.# ##o#..#
#.# ###.# #.###.....#
#.# #...####
#.........# #.#
.....#.########....##
#.#
......#..........#.#
#.#
.....###.#########.#
#.# #...#.#.## #.#
#.# ##.###.## #.# #.#


You could see an orc priest and an orc wizard.

Vanquished Creatures
  The ghost of epen the Slasher, a novice NaGl (D:4)
  A necrophage (D:4)
  An orc wizard (D:3)
  An orc priest (D:4)
  Natasha (thrice) (D:3)
  3 adders
  An adder skeleton (D:4)
  3 worms (D:2)
  3 dart slugs
  5 giant geckos
  10 orcs
  3 ball pythons
  6 bats
  5 giant cockroaches
  7 hobgoblins
  7 jackals
  4 giant newts
  10 goblins
  8 kobolds
  5 rats
87 creatures vanquished.

Notes
Turn   | Place    | Note
--------------------------------------------------------------
     0 | D:1      | mouarf the Minotaur Berserker began the quest for the Orb.
     0 | D:1      | Reached XP level 1. HP: 19/19 MP: 0/0
   107 | D:1      | Reached XP level 2. HP: 15/27 MP: 1/1
   123 | D:1      | Reached skill level 4 in Axes
   671 | D:2      | Reached XP level 3. HP: 20/33 MP: 2/2
   690 | D:2      | Reached ** piety under Trog
   712 | D:2      | Reached skill level 5 in Axes
   752 | D:2      | Found an iron altar of Okawaru.
  1055 | D:2      | Reached XP level 4. HP: 3/40 MP: 3/3
  1730 | D:3      | Reached skill level 6 in Axes
  1845 | D:3      | Found a sacrificial altar of Ru.
  1897 | D:3      | Reached *** piety under Trog
  1982 | D:3      | Noticed Natasha
  1991 | D:3      | Killed Natasha
  1991 | D:3      | Reached XP level 5. HP: 26/46 MP: 4/4
  2113 | D:3      | Noticed Natasha
  2118 | D:3      | Killed Natasha
  2118 | D:3      | Reached skill level 7 in Axes
  2167 | D:3      | Found a glowing silver altar of Zin.
  2168 | D:3      | Found a shimmering altar of Xom.
  2168 | D:3      | Found a stormy altar of Qazlal.
  2345 | D:3      | Noticed Natasha
  2357 | D:3      | Killed Natasha
  2621 | D:3      | Found a deep blue altar of Sif Muna.
  2783 | D:4      | Noticed epen's ghost (novice NaGl)
  2945 | D:4      | Noticed a necrophage
  2953 | D:4      | Killed a necrophage
  2953 | D:4      | Reached skill level 8 in Axes
  2953 | D:4      | Reached XP level 6. HP: 50/50 MP: 5/5
  3134 | D:4      | Killed epen's ghost
  3134 | D:4      | Reached skill level 10 in Axes
  3134 | D:4      | Reached XP level 7. HP: 50/57 MP: 6/6
  3155 | D:3      | Killed from afar by an orc priest

Vault maps used:
D:1:      ncdulo_lavacross
D:2:      lemuel_crystal_altar
D:3:      nicolae_overflow_hidden_temple, old_standard_altar, tgw_sif,
          uniq_natasha
D:4:      old_standard_altar, hangedman_abyss_or_decor_jellyfish_corner,
          uniq_sigmund

Skill      XL: |  1  2  3  4  5  6 |
---------------+-------------------+-----
Axes           | 4 5 6 8 10 | 10.1
Fighting       | 4 |  4.0
Armour         | |  2.5
Dodging        | |  2.2

Action                   |  1- 3 |  4- 6 |  7- 9 || total
-------------------------+-------+-------+-------++-------
Melee: Hand axe          |   100 |   133 |     7 ||   240
       Headbutt          |    13 |    24 |       ||    37
Invok: Berserk           |       |     2 |       ||     2
 Stab: Sleeping          |     1 |       |       ||     1
  Eat: Chunk             |       |     6 |       ||     6
       Bread ration      |       |     1 |       ||     1
Armor: Animal skin       |     8 |    16 |       ||    24
Dodge: Dodged            |    58 |    64 |     6 ||   128
